 Dungeon Crawl Stone Soup version 0.20.1-1-g8b1a95d (webtiles) character file.

434 Ladykiller69 the Chucker (level 6, -3/61 HPs)
             Began as a Troll Hunter on July 24, 2017.
             Slain by a wraith (15 damage)
             ... in an ossuary.
             The game lasted 00:06:33 (2287 turns).

Ladykiller69 the Chucker (Troll Hunter)             Turns: 2287, Time: 00:06:34

Health: -3/61      AC:  5    Str: 21    XL:     6   Next: 67%
Magic:  5/5        EV: 10    Int:  7    God:
Gold:   149        SH:  0    Dex: 12    Spells: 5/5 levels left

rFire    . . .     SeeInvis .     - Unarmed
rCold    . . .     Gourm    +   (no shield)
rNeg     . . .     Faith    .   b - +0 robe
rPois    .         Spirit   .   (helmet restricted)
rElec    .         Reflect  .   (no cloak)
rCorr    .         Harm     .   (gloves unavailable)
MR       .....                  (boots unavailable)
Stlth    +.........             (no amulet)
Regen    0.6/turn               (no ring)
MPRegen  0.1/turn               (no ring)

@: slowed, drained, very slow
A: unfitting armour, claws 3, fast metabolism 3, gourmand, regeneration 1,
shaggy fur 1, tough skin 2
a: no special abilities


You were in an ossuary.
You were full.

You visited 1 branch of the dungeon, and saw 4 of its levels.
You also visited: Ossuary.

You collected 149 gold pieces.

Inventory:

Missiles
 c - 5 large rocks
 d - 3 throwing nets (quivered)
 h - 57 stones
 i - 33 poisoned needles
Armour
 b - a +0 robe (worn)
 t - a +0 large shield
Jewellery
 g - a cursed amulet of inaccuracy {unknown}
 j - a +3 ring of intelligence {unknown}
 m - a cursed ring of teleportation {unknown}
Scrolls
 a - 2 scrolls of identify {unknown}
 e - a scroll of fear {unknown}
 l - a scroll of teleportation {unknown}
 p - a scroll of random uselessness {unknown}
 w - a scroll of blinking {unknown}
 x - a scroll of remove curse {unknown}
 y - a scroll of enchant weapon {unknown}
Potions
 k - a potion of berserk rage {unknown}
 r - a potion of magic {unknown}
 u - 2 potions of curing {unknown}
 v - 4 potions of lignification {unknown}
 z - a potion of flight {unknown}
 A - a potion of agility {unknown}
Books
 n - a book of Misfortune

   Spells                             Type                      Level
   a - Confusing Touch                Hexes                        1
   b - Confuse                        Hexes                        3
   c - Gell's Gravitas                Translocation                3
   d - Petrify                        Transmutation/Earth          4
   e - Metabolic Englaciation         Hexes/Ice                    5
   f - Yara's Violent Unravelling     Hexes/Transmutation          5
Comestibles
 f - 4 bread rations
 o - a meat ration
 q - 4 fruits
 s - a royal jelly


   Skills:
 + Level 3.1(2.8) Fighting
 + Level 4.6(4.3) Throwing
 + Level 2.8(2.5) Dodging
 - Level 0.3(0.0) Stealth
 * Level 4.1(3.7) Unarmed Combat


You had 5 spell levels left.
You didn't know any spells.

Dungeon Overview and Level Annotations

Branches:
Dungeon (4/15)
 Temple: D:4-7

Altars:

Annotations:
D:3 p0werm0de's ghost, amateur FoFi
D:4 LeVisiteur's ghost, amateur DsCK


Innate Abilities, Weirdness & Mutations

You are too large for most types of armour.
You have claws for hands.
Your metabolism is lightning-fast.
You like to eat raw meat.
Your natural rate of healing is unusually fast.
You are covered in fur. (AC +1)
You have very tough skin. (AC +2)


Message History

* * * LOW HITPOINT WARNING * * *
The wraith drains your vigour!
You feel as though you will be slow longer.
You scratch the wraith but do no damage.
The wraith is severely damaged.
The wraith closely misses you. The wraith hits you.
* * * LOW HITPOINT WARNING * * *
The wraith drains your vigour!
You feel as though you will be slow longer.
You barely miss the wraith.
The wraith is severely damaged.
The wraith hits you.
* * * LOW HITPOINT WARNING * * *
You barely miss the wraith.
The wraith is severely damaged.
The wraith closely misses you.
You claw the wraith!
The wraith is almost destroyed.
The wraith hits you!
You die...

#############
............#
##.###.##W@# #
#.# #.#.#.#
#.###.###.###.#
#.............#
#.............#
#.###.....###.#
#.....# #.#
.###.....###.#
#.............#


You could see a wraith.

Vanquished Creatures
  Grinder (D:4)
  An orc priest (D:4)
  A centaur skeleton (D:4)
  A hound skeleton (D:4)
  8 gnolls (D:4)
  An adder (D:3)
  An adder skeleton (D:4)
  An adder zombie (Ossuary)
  A worm (D:3)
  A dart slug (D:3)
  3 orcs (D:4)
  5 bats
  2 giant cockroaches
  6 goblins
  7 hobgoblins
  4 jackals (D:1)
  2 quokkas
  2 ball pythons
  A ball python skeleton (Ossuary)
  4 frilled lizards
  2 hobgoblin skeletons (Ossuary)
  4 kobolds
  3 orc skeletons (Ossuary)
  2 orc zombies (Ossuary)
  5 rats
69 creatures vanquished.

Notes
Turn   | Place    | Note
-------+----------+-------------------------------------------
     0 | D:1      | Ladykiller69 the Troll Hunter began the quest for the Orb.
     0 | D:1      | Reached XP level 1. HP: 19/19 MP: 0/0
   119 | D:1      | Reached XP level 2. HP: 28/28 MP: 1/1
   560 | D:2      | Reached skill level 1 in Unarmed Combat
   715 | D:2      | Reached XP level 3. HP: 35/35 MP: 2/2
  1239 | D:3      | Noticed p0werm0de's ghost (amateur FoFi)
  1823 | D:4      | Noticed Grinder
  1833 | D:4      | Reached XP level 4. HP: 44/44 MP: 3/3
  1847 | D:4      | Killed Grinder
  1847 | D:4      | Reached XP level 5. HP: 20/52 MP: 4/4
  1847 | D:4      | Reached XP level 6. HP: 23/59 MP: 5/5
  1849 | D:4      | Noticed LeVisiteur's ghost (amateur DsCK)
  2098 | D:4      | Found a sand-covered staircase.
  2105 | Ossuary  | Entered an ossuary
  2229 | Ossuary  | Noticed a wraith
  2229 | Ossuary  | Noticed a flying skull
  2238 | Ossuary  | Noticed a flying skull
  2270 | Ossuary  | Noticed a wraith
  2287 | Ossuary  | Slain by a wraith

Skill      XL: |  1  2  3  4  5  6 |
---------------+-------------------+-----
Fighting       | 2 3 |  3.1
Unarmed Combat | 1 2 3 4 |  4.1
Dodging        | 2 |  2.8
Throwing       | 4 |  4.6
Stealth        | |  0.3

Action                   |  1- 3 |  4- 6 || total
-------------------------+-------+-------++-------
Melee: Unarmed           |   134 |    79 ||   213
       Punch             |     1 |       ||     1
Throw: Stone             |    36 |       ||    36
       Throwing net      |       |     1 ||     1
 Stab: Sleeping          |     1 |       ||     1
       Held in net/web   |       |     1 ||     1
  Eat: Chunk             |    18 |     6 ||    24
Armor: Robe              |    64 |     8 ||    72
Dodge: Dodged            |    90 |    24 ||   114
